 Dungeon Crawl Stone Soup version 0.22-a0-278-g8f80174 (webtiles) character file.

346812 Nib the Brawler (level 22, -29/204 HPs)
             Began as a Ghoul Gladiator on Mar 15, 2018.
             Was an Elder of Cheibriados.
             Killed by Shatter
             ... invoked by the ghostly Jorgrun
              (46 damage)
             ... on level 4 of the Vaults.
             The game lasted 03:55:52 (44539 turns).

Nib the Brawler (Ghoul Gladiator)                  Turns: 44539, Time: 03:55:53

Health: -29/204    AC: 22    Str: 32    XL:     22   Next: 13%
Magic:  21/30      EV: 16    Int: 15    God:    Cheibriados [****..]
Gold:   1765       SH: 18    Dex: 21    Spells: 21/21 levels left

rFire    + + +     SeeInvis .     - Unarmed
rCold    + + +     Gourm    .   A - +2 shield {rC+}
rNeg     + + +     Faith    .   Y - +2 plate armour {MR+}
rPois    ∞         Spirit   .   n - +2 hat {MR+}
rElec    .         Reflect  .   V - scarf {rC+ rF+}
rCorr    +         Harm     .   (no gloves)
MR       ++++.                  R - +0 pair of boots
Stlth    ..........             a - amulet "Ylegess" {rF++ Regen+}
HPRegen  0.00/turn              F - ring "Gegin" {rCorr rF+}
MPRegen  0.22/turn              o - ring of protection from magic

@: rotting, very slow
A: rotting body, claws 1, carnivore, cold resistance 1, negative energy
resistance 3, inhibited regeneration, torment resistance, unbreathing
}: 2/15 runes: decaying, gossamer
a: Bend Time, Temporal Distortion, Slouch, Renounce Religion


You were on level 4 of the Vaults.
You worshipped Cheibriados.
Cheibriados was greatly pleased with you.
You were not hungry.

You visited 6 branches of the dungeon, and saw 36 of its levels.
You also visited: Ice Cave and Volcano.

You collected 3343 gold pieces.
You spent 1578 gold pieces at shops.

Inventory:

Missiles
 z - 5 silver javelins (quivered)
 P - 4 throwing nets
Armour
 n - a +2 hat of magic resistance (worn)
 A - a +2 shield of cold resistance (worn)
 J - a +0 plate armour of cold resistance
 Q - a +2 plate armour of fire resistance
 R - a +0 pair of boots (worn)
 U - a +1 shield of protection
 V - a scarf of resistance (worn)
 Y - a +2 plate armour of magic resistance (worn)
Jewellery
 a - the amulet "Ylegess" (around neck) {rF++ Regen+}
   (You acquired it on level 15 of the Dungeon)

   [amulet of regeneration]

   It greatly protects you from fire.
   It increases your rate of regeneration.
 o - a ring of protection from magic (right claw)
 w - a +5 amulet of reflection
 y - a +4 ring of evasion
 F - the ring "Gegin" (left claw) {rCorr rF+}
   (You acquired it on level 3 of the Vaults)

   [ring of resist corrosion]

   It protects you from fire.
 L - the ring of Zounoj {+Fly rF- rC+ Dex+2 Stlth+}
   (You acquired it on level 3 of the Lair of Beasts)

   [ring of stealth]

   It affects your dexterity (+2).
   It makes you vulnerable to fire.
   It protects you from cold.
   It lets you fly.
   It makes you more stealthy.
 W - the ring "Redipatu" {AC+4 Dex+3}
   (You found it on level 1 of the Swamp)

   [ring of protection]

   It affects your AC (+4).
   It affects your dexterity (+3).
 Z - an uncursed ring of wizardry
Wands
 c - a wand of scattershot (13)
 q - a wand of flame (157)
 s - a wand of acid (8)
 C - a wand of polymorph (46)
 K - a wand of iceblast (28)
 O - a wand of enslavement (16)
Scrolls
 b - 8 scrolls of enchant armour
 f - 7 scrolls of immolation
 h - 15 scrolls of remove curse
 i - 2 scrolls of fear
 j - 4 scrolls of enchant weapon
 l - 5 scrolls of teleportation
 u - 9 scrolls of fog
 v - 4 scrolls of magic mapping
 x - 6 scrolls of identify
Potions
 e - 10 potions of curing
 g - 9 potions of agility
 m - 5 potions of ambrosia
 p - 3 potions of invisibility
 t - 5 potions of flight
 D - 10 potions of might
 E - 2 potions of cancellation
 H - 4 potions of resistance
 I - 3 potions of brilliance
Miscellaneous
 G - a phial of floods
 T - a lightning rod (4/4)
Comestibles
 d - 67 rations
 k - 7 chunks of flesh


   Skills:
 + Level 18.9 Fighting
 - Level 1.7 Throwing
 + Level 15.8 Armour
 - Level 10.0 Dodging
 + Level 14.6 Shields
 + Level 20.8 Unarmed Combat
 - Level 12.6 Invocations
 - Level 5.0 Evocations


You had 21 spell levels left.
You didn't know any spells.

Dungeon Overview and Level Annotations

Branches:
Dungeon (15/15)            Temple (0/1) D:6            Lair (6/6) D:8
  Swamp (4/4) Lair:2       Spider (4/4) Lair:3        Slime (0/5) Lair:6
    Orc (2/2) D:12            Elf (0/3) Orc:2        Vaults (5/5) D:14
  Crypt (0/3) Vaults:2     Depths (0/5) D:15

Altars:
Ashenzari
Cheibriados
Dithmenos
Fedhas
Kikubaaqudgha
Nemelex Xobeh
Okawaru
Ru
Trog
Uskayaw
Vehumet
Wu Jian
Zin
Beogh

Shops:
D:4 }:(%   D:6 ?   D:10 ?   Orc:1 *![!   Orc:2 :?![   Vaults:1 [   Vaults:2 [

Annotations:
D:5 exclusion: downstairs
D:9 2 transporters, exclusion: downstairs


Innate Abilities, Weirdness & Mutations

Your body is rotting away.
You thrive on raw meat.
You are immune to poison.
You have sharp fingernails.
You are carnivorous and can eat meat at any time.
Your flesh is cold resistant. (rC+)
You are immune to negative energy. (rN+++)
You do not regenerate when monsters are visible.
You are immune to unholy pain and torment.
You can survive without breathing.


Message History

You kill the deep troll!
Cheibriados appreciates the change of pace.
The ghostly Jorgrun gestures wildly while chanting.
The dungeon rumbles around the ghostly Jorgrun!
You shudder from the earth-shattering force.
* * * LOW HITPOINT WARNING * * *
A door shatters! x2
Ka-crash!
Okay, then.
Eat one of 7 chunks of flesh? (ye/n/q)
Okay, then.
Okay, then.
There isn't anything to butcher here.
Okay, then.
Okay, then.
You feel better.
The ghostly Jorgrun gestures wildly while chanting.
The dungeon rumbles around the ghostly Jorgrun!
You shudder from the earth-shattering force.
You die...

...# #...........# # ...#
##.#.#.#.#.## # ...# ###########
######## # ...# ## ## #......# #
...# #.####.####.......# # ...#
#.....(...........# #
...#########...[......#......# #
...##..........g[[[...#......# #
...##..........[@[....#.?....# #
...##......#..[[[[....#......# #
...##...........".....#......# #
...##......###.######.#......# #
...##......# ## #......# #
...##......# #......# #
...######### #......# #
...#######################='#####
.................................


You could see ghostly Jorgrun.

Vanquished Creatures
  Bai Suzhen (Vaults:2)
  Xtahua (Vaults:2)
  Arachne (Spider:4)
  Asterion (Vaults:1)
  2 sphinxes (Vaults:4)
  4 thorn hunters
  Gastronok (Lair:1)
  Agnes (Spider:1)
  2 azure jellies (Swamp:4)
  Kirke (Spider:1)
  Frances (D:13)
  Donald (Swamp:2)
  A fire giant (shapeshifter) (Vaults:4)
  2 ghost moths (Spider:4)
  A frost giant (IceCv)
  Aizul (Swamp:1)
  9 vault wardens
  Louise (Spider:1)
  7 emperor scorpions (Spider:4)
  A deep elf sorcerer (Vaults:2)
  14 ironheart preservers
  A war gargoyle (Vaults:1)
  5 stone giants
  5 entropy weavers
  4 dire elephants (Lair:6)
  A deep elf demonologist (Vaults:4)
  A red draconian (Volcano)
  2 spark wasps
  4 ettins
  Josephine (Lair:6)
  A deep elf death mage (Vaults:4)
  2 great orbs of eyes (Vaults:1)
  37 vault guards
  Erolcha (Orc:2)
  9 yaktaur captains
  4 ice dragons
  A hydra (shapeshifter) (Vaults:4)
  3 rakshasas
  18 hydras
  12 alligators
  An anaconda (Lair:6)
  2 dancing weapons (D:14)
  3 death knights
  7 centaur warriors
  2 tengu warriors (D:14)
  3 deep troll shamans
  12 ogre magi
  37 two-headed ogres
  Urug (Lair:3)
  A deep troll earth mage (Vaults:1)
  Nergalle (Lair:2)
  4 spriggans (Swamp:2)
  2 shadow wraiths
  5 deep elf knights
  The ghost of Thaneod the Arsonist, a novice DEFE of Vehumet (D:9)
  7 skeletal warriors
  4 unseen horrors
  A salamander mystic (Volcano)
  The ghost of Thaneod the Thaumaturge, a novice DESu of Vehumet (D:10)
  17 deep trolls
  A death drake (shapeshifter) (Vaults:1)
  2 spriggan druids
  4 glowing orange brains
  A harpy (shapeshifter) (Vaults:1)
  4 swamp dragons
  9 wizards
  The ghost of Vesto the Skirmisher, a novice GrFi of Okawaru (D:8)
  3 deep elf archers
  15 ironbrand convokers
  3 harpies
  3 shambling mangroves
  13 orc knights
  16 orb spiders
  A wolf spider zombie (D:14)
  14 orc sorcerers
  34 wolf spiders
  2 oklob plants (Lair:1)
  2 manticores
  30 ugly things
  2 moths of wrath (Spider:4)
  6 deep elf magi
  10 cyclopes
  4 salamanders (Volcano)
  Maurice (D:12)
  An ice statue (IceCv)
  10 elephants
  3 naga magi (D:15)
  18 vault sentinels
  4 black mambas
  A guardian serpent (shapeshifter) (Vaults:2)
  4 orange demons (D:13)
  A torpor snail (Spider:4)
  18 spiny frogs
  29 yaktaurs
  A rime drake (Lair:4)
  A rime drake (shapeshifter) (Vaults:3)
  10 freezing wraiths
  7 komodo dragons
  2 ice devils (D:11)
  A kobold demonologist (D:14)
  15 demonic crawlers
  2 red devils (D:13)
  4 tengu conjurers
  A queen bee (Spider:1)
  7 tyrant leeches
  16 polar bears
  16 hornets
  45 jumping spiders
  5 trolls
  3 meliai (Spider:1)
  Grinder (D:3)
  12 blink frogs
  11 hippogriffs
  3 bog bodies
  A fire giant simulacrum (Vaults:1)
  2 dream sheep (D:12)
  28 slime creatures
  69 yaks
  86 redbacks
  A spriggan (shapeshifter) (Vaults:2)
  22 tarantellas
  8 wraiths
  3 basilisks
  A hog (Spider:1)
  A hog (shapeshifter) (Vaults:4)
  3 wyverns
  3 hungry ghosts
  4 swamp worm simulacra (Swamp:4)
  2 golden eyes (shapeshifter)
  23 vampire mosquitoes
  A soldier ant (D:10)
  30 swamp worms
  4 wargs
  A swamp worm (shapeshifter) (Vaults:3)
  13 insubstantial wisps
  The ghost of Vesto the Skirmisher, an amateur GrFi (D:5)
  3 acid dragons
  A soldier ant (shapeshifter) (Vaults:4)
  16 hydra simulacra (Swamp:4)
  15 water moccasins
  28 orc warriors
  2 porcupines
  6 ice beasts
  3 swamp drakes
  2 sky beasts
  3 eyes of draining
  A hornet zombie (D:15)
  A necrophage (D:7)
  2 phantoms
  35 ogres
  20 wolves
  10 boggarts
  16 crocodiles
  25 centaurs
  8 big kobolds
  14 bullfrogs
  A wyvern zombie (D:13)
  A scorpion (shapeshifter) (Vaults:2)
  6 scorpions
  39 killer bees
  4 wights (D:12)
  8 electric eels
  3 howler monkeys (D:9)
  2 centaur zombies
  A bullfrog zombie (D:14)
  8 crimson imps
  A yaktaur simulacrum (Vaults:1)
  5 centaur skeletons
  5 hounds
  5 jellies
  Crazy Yiuf (D:2)
  17 orc priests
  31 orc wizards
  2 bullfrog skeletons
  9 worker ants
  4 iguanas
  A hound skeleton (D:5)
  A howler monkey zombie (D:8)
  Robin (D:2)
  9 adders
  2 howler monkey skeletons
  3 gnolls (D:5)
  3 shadow imps
  An ooze (D:3)
  4 swamp drake simulacra (Swamp:4)
  2 adder zombies
  2 adder skeletons
  17 worms
  2 dart slugs (D:2)
  3 leopard geckos
  80 orcs
  6 bats
  5 giant cockroaches
  15 goblins
  13 hobgoblins
  11 jackals
  7 quokkas
  3 ball pythons
  6 frilled lizards
  2 jackal skeletons
  20 kobolds
  A leopard gecko zombie (D:7)
  A quokka skeleton (D:8)
  9 rats
  5 briar patches (Swamp:2)
  2 fungi
  11 plants
1630 creatures vanquished.

Vanquished Creatures (collateral kills)
  An ironheart preserver (Vaults:2)
  2 orb spiders (Spider:4)
  4 jumping spiders (Spider:4)
  2 redbacks (Spider:4)
  A tarantella (Spider:4)
10 creatures vanquished.

Vanquished Creatures (others)
  An ogre mage (Vaults:1)
  A cyclops (Vaults:1)
  A yaktaur (Vaults:3)
  A slime creature (Vaults:2)
  A spriggan (Swamp:2)
  2 humans (Spider:1)
  A swamp worm (Swamp:4)
  2 ogres
  An orc priest (Vaults:1)
  14 fungi
  8 plants
33 creatures vanquished.

Grand Total: 1673 creatures vanquished

Notes
Turn   | Place    | Note
-------+----------+-------------------------------------------
     0 | D:1      | Nib the Ghoul Gladiator began the quest for the Orb.
     0 | D:1      | Reached XP level 1. HP: 17/17 MP: 0/0
    87 | D:1      | Reached XP level 2. HP: 19/25 MP: 1/1
   870 | D:1      | Reached XP level 3. HP: 27/30 MP: 2/2
   994 | D:2      | Found a shadowy altar of Dithmenos.
  1039 | D:2      | Found a runed door.
  1043 | D:2      | Noticed Crazy Yiuf
  1058 | D:2      | Killed Crazy Yiuf
  1058 | D:2      | Reached skill level 4 in Unarmed Combat
  1236 | D:2      | Reached XP level 4. HP: 38/38 MP: 3/3
  1241 | D:2      | Noticed Robin
  1306 | D:2      | Killed Robin
  1632 | D:2      | Reached XP level 5. HP: 36/45 MP: 4/4
  1747 | D:2      | Found a snail-covered altar of Cheibriados.
  1758 | D:2      | Became a worshipper of Cheibriados the Contemplative
  2259 | D:3      | Reached * piety under Cheibriados
  2676 | D:3      | Noticed Grinder
  2803 | D:3      | Reached XP level 6. HP: 52/52 MP: 5/5
  2897 | D:3      | Killed Grinder
  2897 | D:3      | Reached skill level 5 in Unarmed Combat
  3106 | D:4      | Found Axoitel's Gadget Shoppe.
  3116 | D:4      | Reached XP level 7. HP: 52/59 MP: 6/6
  3151 | D:4      | Reached skill level 5 in Fighting
  3294 | D:4      | Reached skill level 1 in Invocations
  3295 | D:4      | Found Toubb's Book Boutique.
  3352 | D:4      | Reached ** piety under Cheibriados
  3383 | D:4      | Found Tikics's Antique Weapon Shop.
  3415 | D:4      | Found an ornate altar of the Wu Jian Council.
  3426 | D:4      | Found a bloodstained altar of Trog.
  3460 | D:4      | Found Veish's Food Shoppe.
  3470 | D:4      | Reached skill level 6 in Unarmed Combat
  3510 | D:4      | Reached skill level 5 in Dodging
  3838 | D:4      | Got a colourful robe
  3849 | D:4      | Identified the cursed +0 robe "Qeonyeni" {rElec rF- Int-5 Slay+5} (You found it on level 4 of the Dungeon)
  3874 | D:4      | Reached skill level 14 in Unarmed Combat
  3874 | D:4      | Reached XP level 8. HP: 69/69 MP: 8/8
  4041 | D:4      | Found an iron altar of Okawaru.
  4113 | D:5      | Entered Level 5 of the Dungeon
  4168 | D:5      | Found a transporter.
  4227 | D:5      | Reached XP level 9. HP: 74/75 MP: 9/9
  4239 | D:5      | Reached skill level 1 in Armour
  4426 | D:5      | Reached *** piety under Cheibriados
  4471 | D:5      | Noticed Vesto's ghost (amateur GrFi)
  4480 | D:5      | Killed Vesto's ghost
  4608 | D:5      | Found a hide-covered altar of Uskayaw.
  4635 | D:5      | Found a transporter.
  4998 | D:5      | Found a glowing silver altar of Zin.
  5037 | D:5      | Found a sparkling altar of Nemelex Xobeh.
  5422 | D:6      | Found Edopuam's Magic Scroll Shoppe.
  5455 | D:6      | Bought a scroll of fog for 28 gold pieces
  5455 | D:6      | Bought a scroll of identify for 28 gold pieces
  5715 | D:6      | Found a staircase to the Ecumenical Temple.
  6670 | D:7      | Found a sacrificial altar of Ru.
  6776 | D:7      | Reached **** piety under Cheibriados
  7025 | D:7      | Reached XP level 10. HP: 79/84 MP: 11/11
  7270 | D:8      | Reached skill level 1 in Evocations
  7532 | D:8      | Found a staircase to the Lair.
  7776 | D:8      | Reached ***** piety under Cheibriados
  7782 | D:8      | Noticed Vesto's ghost (novice GrFi)
  7807 | D:8      | Killed Vesto's ghost
  8505 | D:9      | Found a transporter.
  8514 | D:9      | Noticed Thaneod's ghost (novice DEFE)
  8520 | D:9      | Reached skill level 5 in Invocations
  8532 | D:9      | Killed Thaneod's ghost
  8532 | D:9      | Reached XP level 11. HP: 85/92 MP: 10/13
  8664 | D:9      | Found a transporter.
  8859 | D:9      | Found a shattered altar of Ashenzari.
  9015 | D:10     | Entered Level 10 of the Dungeon
  9179 | D:10     | Noticed a six-headed hydra
  9182 | D:10     | Killed a six-headed hydra
  9183 | D:10     | Noticed a two-headed ogre
  9189 | D:10     | Killed a two-headed ogre
  9370 | D:10     | Found Masygg's Magic Scroll Boutique.
  9433 | D:10     | Killed an unseen horror
  9659 | D:10     | Reached skill level 5 in Armour
  9661 | D:10     | Noticed a two-headed ogre
  9668 | D:10     | Killed a two-headed ogre
 10008 | D:10     | Noticed Thaneod's ghost (novice DESu)
 10016 | D:10     | Killed Thaneod's ghost
 10113 | D:11     | Reached XP level 12. HP: 89/103 MP: 16/16
 10161 | D:11     | Found a frozen archway.
 10226 | IceCv    | Entered an ice cave
 10341 | IceCv    | Reached skill level 5 in Evocations
 11446 | IceCv    | Noticed a frost giant
 11463 | IceCv    | Reached ****** piety under Cheibriados
 11476 | IceCv    | Killed a frost giant
 11508 | IceCv    | Reached skill level 10 in Fighting
 12417 | D:11     | Reached XP level 13. HP: 107/113 MP: 18/18
 12948 | D:12     | Reached skill level 1 in Shields
 13131 | D:12     | Found a staircase to the Orcish Mines.
 13711 | D:12     | Noticed Maurice
 13722 | D:12     | Killed Maurice
 14514 | D:13     | Noticed Frances
 14525 | D:13     | Killed Frances
 14672 | D:13     | Found a blossoming altar of Fedhas.
 15789 | D:13     | Reached skill level 10 in Invocations
 16116 | D:13     | Reached XP level 14. HP: 94/124 MP: 20/20
 16585 | D:14     | Found a sacrificial altar of Ru.
 17004 | D:14     | Reached skill level 15 in Unarmed Combat
 17007 | D:14     | Found a gate to the Vaults.
 17797 | D:15     | Entered Level 15 of the Dungeon
 17999 | D:15     | Reached skill level 5 in Shields
 18077 | D:15     | Found a blossoming altar of Fedhas.
 18160 | D:15     | Paralysed by an orc sorcerer for 5 turns
 18736 | D:15     | Found a staircase to the Depths.
 18823 | D:15     | Identified a scroll of acquirement
 18826 | D:15     | Got a pitted zirconium amulet
 18832 | D:15     | Identified the amulet "Ylegess" {rF++ Regen+} (You acquired it on level 15 of the Dungeon)
 19463 | Lair:1   | Entered Level 1 of the Lair of Beasts
 19544 | Lair:1   | Noticed Gastronok
 19554 | Lair:1   | Killed Gastronok
 19852 | Lair:1   | Reached XP level 15. HP: 119/133 MP: 22/22
 20627 | Lair:2   | Noticed Nergalle
 20634 | Lair:2   | Killed Nergalle
 20676 | Lair:2   | Found a staircase to the Swamp.
 21243 | Lair:3   | Found a dark tunnel.
 21253 | Volcano  | Entered a volcano
 22012 | Lair:3   | Found a hole to the Spider Nest.
 22047 | Lair:3   | Noticed Urug
 22056 | Lair:3   | Killed Urug
 22688 | Lair:3   | Reached skill level 10 in Armour
 24170 | Lair:5   | Reached skill level 16 in Unarmed Combat
 24452 | Lair:6   | Entered Level 6 of the Lair of Beasts
 24561 | Lair:6   | Noticed Josephine
 24571 | Lair:6   | Killed Josephine
 24894 | Lair:6   | Found a staircase to the Slime Pits.
 24903 | Lair:6   | Reached XP level 16. HP: 131/143 MP: 24/24
 25649 | Orc:1    | Entered Level 1 of the Orcish Mines
 25649 | Orc:1    | Found a roughly hewn altar of Beogh.
 25882 | Orc:1    | Found Detz's Distillery.
 25921 | Orc:1    | Bought a potion of agility for 56 gold pieces
 25921 | Orc:1    | Bought a potion of agility for 56 gold pieces
 25921 | Orc:1    | Bought a potion of agility for 56 gold pieces
 25921 | Orc:1    | Bought a potion of might for 56 gold pieces
 25921 | Orc:1    | Bought a potion of curing for 42 gold pieces
 25921 | Orc:1    | Bought a potion of curing for 42 gold pieces
 25921 | Orc:1    | Bought a potion of might for 56 gold pieces
 25944 | Orc:1    | Found Ichoreha's Antique Armour Emporium.
 26072 | Orc:1    | Found Kydwyora's General Store.
 26080 | Orc:1    | Bought a scroll of fog for 34 gold pieces
 26080 | Orc:1    | Bought a potion of agility for 68 gold pieces
 26157 | Orc:1    | Found Keaqas's Distillery.
 26170 | Orc:1    | Bought a potion of curing for 42 gold pieces
 26170 | Orc:1    | Bought a potion of flight for 42 gold pieces
 26170 | Orc:1    | Bought a potion of curing for 42 gold pieces
 26170 | Orc:1    | Bought a potion of invisibility for 112 gold pieces
 26170 | Orc:1    | Bought 2 potions of might for 112 gold pieces
 26170 | Orc:1    | Bought a potion of curing for 42 gold pieces
 26170 | Orc:1    | Bought a potion of heal wounds for 70 gold pieces
 26170 | Orc:1    | Bought 2 potions of cancellation for 224 gold pieces
 26279 | Orc:2    | Entered Level 2 of the Orcish Mines
 26674 | Orc:2    | Found a staircase to the Elven Halls.
 26883 | Orc:2    | Found an ancient bone altar of Kikubaaqudgha.
 26943 | Orc:2    | Noticed Erolcha
 26947 | Orc:2    | Killed Erolcha
 26948 | Orc:2    | Found a radiant altar of Vehumet.
 27012 | Orc:2    | Found Noinaja's Antique Armour Shoppe.
 27020 | Orc:2    | Bought an embroidered scarf for 280 gold pieces
 27064 | Orc:2    | Found a roughly hewn altar of Beogh.
 27064 | Orc:2    | Found Rawear's Distillery.
 27064 | Orc:2    | Found Jaenn's Book Shoppe.
 27121 | Orc:2    | Found Muive's Magic Scroll Shoppe.
 27153 | Orc:2    | Bought a scroll of enchant armour for 90 gold pieces
 27487 | Swamp:1  | Entered Level 1 of the Swamp
 27777 | Swamp:1  | Noticed Aizul
 27788 | Swamp:1  | Killed Aizul
 27865 | Swamp:1  | Found a transporter.
 27971 | Swamp:1  | Found a transporter.
 28103 | Swamp:1  | Noticed a thorn hunter
 28119 | Swamp:1  | Killed a thorn hunter
 28181 | Swamp:1  | Got a flickering glass ring
 28194 | Swamp:1  | Got a flickering lapis lazuli ring
 28235 | Swamp:1  | Identified the ring "Uhitit" {rF++ rC- SInv} (You found it on level 1 of the Swamp)
 28237 | Swamp:1  | Identified the ring "Redipatu" {AC+4 Dex+3} (You found it on level 1 of the Swamp)
 28659 | Swamp:2  | Reached skill level 17 in Unarmed Combat
 28659 | Swamp:2  | Reached XP level 17. HP: 121/152 MP: 25/25
 28730 | Swamp:2  | Noticed Donald
 28756 | Swamp:2  | Killed Donald
 30222 | Swamp:4  | Entered Level 4 of the Swamp
 30410 | Swamp:4  | Reached skill level 10 in Shields
 31094 | Swamp:4  | Got a decaying rune of Zot
 31505 | Swamp:4  | Reached skill level 15 in Fighting
 32095 | Vaults:1 | Entered Level 1 of the Vaults
 32720 | Vaults:1 | Reached XP level 18. HP: 85/163 MP: 22/26
 32923 | Vaults:1 | Noticed Asterion
 32939 | Vaults:1 | Killed Asterion
 32944 | Vaults:1 | Reached skill level 18 in Unarmed Combat
 33219 | Vaults:1 | Found Penwafoz's Armour Shoppe.
 34419 | Vaults:2 | Noticed Bai Suzhen
 34435 | Vaults:2 | Noticed Xtahua
 34786 | Spider:1 | Entered Level 1 of the Spider Nest
 34816 | Lair:3   | Got a faintly glowing copper ring
 34819 | Lair:3   | Identified the ring of Zounoj {+Fly rF- rC+ Dex+2 Stlth+} (You acquired it on level 3 of the Lair of Beasts)
 34925 | Spider:1 | Noticed Kirke
 34937 | Spider:1 | Killed Kirke
 34937 | Spider:1 | Reached skill level 10 in Dodging
 35023 | Spider:1 | Reached XP level 19. HP: 121/172 MP: 27/27
 35068 | Spider:1 | Noticed Agnes
 35085 | Spider:1 | Killed Agnes
 35318 | Spider:1 | Noticed Louise
 35348 | Spider:1 | Killed Louise
 37336 | Spider:3 | Reached skill level 19 in Unarmed Combat
 37732 | Spider:4 | Entered Level 4 of the Spider Nest
 37873 | Spider:4 | Noticed Arachne
 37896 | Spider:4 | Killed Arachne
 38310 | Spider:4 | Reached XP level 20. HP: 33/184 MP: 10/28
 39051 | Spider:4 | Got a gossamer rune of Zot
 39780 | Vaults:2 | Found a staircase to the Crypt.
 39852 | Vaults:2 | Killed Bai Suzhen
 39971 | Vaults:2 | Killed Xtahua
 40048 | Vaults:2 | Found Akhoen's Armour Boutique.
 40803 | Vaults:3 | Got a fine silver ring
 40805 | Vaults:3 | Identified the ring "Gegin" {rCorr rF+} (You acquired it on level 3 of the Vaults)
 41260 | Vaults:3 | Reached skill level 20 in Unarmed Combat
 41446 | Vaults:3 | Reached XP level 21. HP: 191/194 MP: 29/29
 41453 | Vaults:3 | Reached skill level 15 in Armour
 44192 | Vaults:5 | Entered Level 5 of the Vaults
 44287 | Vaults:4 | Reached XP level 22. HP: 77/204 MP: 19/30
 44386 | Vaults:5 | Noticed Jorgrun
 44509 | Vaults:5 | Noticed an ancient lich
 44511 | Vaults:5 | Noticed an ancient lich
 44522 | Vaults:4 | Killed Jorgrun
 44538 | Vaults:4 | HP: 9/204 [the ghostly Jorgrun/Shatter (31)]
 44539 | Vaults:4 | Killed from afar by the ghostly Jorgrun

Vault maps used:
D:1:      lemuel_arrival_hallway
D:2:      cheibriados_altar_1, grunt_dithmenos_smoke, uniq_crazy_yiuf_cottage,
          uniq_robin
D:3:      first_ration, minivault_25, minivault_25, uniq_grinder
D:4:      amethyst_overflow_temple_binary, marbit_many_paths, serial_shops,
          nicolae_shop_stone, shop, shop, shop, kennysheep_generic_room_6
D:5:      gammafunk_wand_slinger, lemuel_doored_altar,
          lemuel_coloured_pillars_altar, nicolae_overflow_crystal_walls,
          eino_small_chamber_without_monster, small_statue_alley_b,
          item_on_display_a
D:6:      minmay_temple_entry_overgrown, serial_shops, shop
D:7:      kennysheep_mini
D:8:      lair_entry_dummy
D:9:      gammafunk_steamed_eel, evilmike_ruin_ashenzari, minivault_14
D:10:     serial_shops, nicolae_shop_waterfront
D:11:     portal_ice_cave_demonic_guard
D:12:     david_orc_2, hangedman_ranch, kennysheep_nub, uniq_maurice
D:13:     minmay_wizard_corner, basic_altar, grunt_ministairs_3,
          minmay_beelzebubs_servants, uniq_frances
D:14:     erik_vaults_1, basic_altar
D:15:     grunt_enter_depths_magical_seal, nicolae_wwwww,
          hangedman_abyss_or_decor_stabs, fedhas_altar_3
Lair:1:   minmay_lair_oklob_chamber, grunt_megastairs_1, uniq_gastronok
Lair:2:   minmay_swamp_entry_worms, infiniplex_staircase_pool, uniq_nergalle
Lair:3:   spider_nest_entry_webs, nicolae_volcano_entry_hallway, st_stairs_13,
          uniq_urug
Lair:4:   ldierk_geyser, minmay_holes, worms_lemuel
Lair:5:   grunt_megastairs_3
Lair:6:   due_jungle_book, minmay_slime_entry_pillars, uniq_josephine
Swamp:1:  gammafunk_its_a_trap, infiniplex_staircase_pool_2, swamp_pool1,
          uniq_aizul
Swamp:2:  evilmike_swamp_ruin_rubble_1, uniq_donald
Swamp:3:  nicolae_swamp_dense_foliage
Swamp:4:  swamp_icy
Spider:1: special_room, nicolae_spider_nook, uniq_kirke, uniq_agnes, uniq_louise
Spider:2: nicolae_spider_stair_cavern
Spider:3: spider_trap
Spider:4: grunt_spider_rune_circles, spider_trap, uniq_arachne
Orc:1:    serial_shops, shop_fountains, shop, shop, shop, basic_altar
Orc:2:    kennysheep_orc_mage_school
Vaults:1: nicolae_vaults_an_arrangement, ontoclasm_vaults_shuriken, v_rooms_6,
          vaults_room_grunt_arrival_ludios, nicolae_vaults_little_ls,
          grunt_vaults_funnel, vaults_mumra_chevron_long, serial_shops,
          nicolae_shop_behind_doors, uniq_asterion
Vaults:2: v_misc_5, vaults_dpeg_ring, ontoclasm_vaults_ligature,
          st_smaller_cells, vaults_room_boxed, vaults_room_octagon,
          hangedman_vaults_variations, dpeg_vaults_monster_box,
          vaults_room_semicircle, v_misc_22, ontoclasm_vaults_loading_screen,
          serial_shops, nicolae_shop_trees, uniq_xtahua, uniq_bai_suzhen
Vaults:3: hangedman_vaults_impose, ontoclasm_vaults_idyll,
          nicolae_vaults_network_barrier, hangedman_vaults_trim,
          ontoclasm_vaults_ring_small, vaults_mumra_minichess_inversion,
          v_pattern_2, vaults_room_grunt_arrival_checkpoint, vaults_room_pool,
          v_misc_18, v_misc_13, ontoclasm_vaults_hangar
Vaults:4: vaults_room_hallway, nicolae_vaults_network_star,
          vaults_room_semicircle, v_rooms_5, hangedman_vaults_cutoff,
          nicolae_vaults_quartermaster, ontoclasm_vaults_gateway,
          nicolae_vaults_twisting_passages, vaults_room_corners,
          vaults_room_stairs_pillars, vaults_room_door_ring
Vaults:5: uniq_jorgrun, uniq_boris
IceCv:    ice_cave_small_giant
Volcano:  volcano_pools

Skill      XL: |  1  2  3  4  5  6  7  8  9 10 11 12 13 14 15 16 17 18 19 20 21 |
---------------+----------------------------------------------------------------+-----
Dodging        | 3 4 5 6 7 8 9 10 | 10.0
Fighting       | 3 4 5 6 7 8 10 11 12 13 14 15 16 17 18 | 18.9
Unarmed Combat | 4 5 14 15 16 17 18 19 20 | 20.8
Invocations    | 1 2 3 5 6 8 10 11 12 | 12.6
Armour         | 2 4 5 7 8 9 10 11 12 13 14 15 | 15.8
Evocations     | 2 4 5 |  5.0
Shields        | 4 6 7 9 10 11 12 13 14 | 14.6
Throwing       | |  1.7

Action                   |  1- 3 |  4- 6 |  7- 9 | 10-12 | 13-15 | 16-18 | 19-21 | 22-24 || total
-------------------------+-------+-------+-------+-------+-------+-------+-------+-------++-------
Melee: Unarmed           |    87 |   230 |   229 |   533 |  1209 |  1629 |  1678 |    82 ||  5677
       Punch             |     1 |     9 |    15 |    44 |       |       |       |       ||    69
Throw: Throwing net      |     2 |     2 |     1 |     4 |       |       |       |       ||     9
Invok: Bend Time         |       |       |     1 |     7 |    12 |    31 |    44 |     6 ||   101
       Slouch            |       |       |       |     2 |     8 |    17 |    16 |       ||    43
       Temporal Distorti |       |       |       |       |     1 |     1 |     2 |     1 ||     5
       Step From Time    |       |       |       |       |       |     1 |     6 |       ||     7
Evoke: Wand              |       |       |     3 |       |     5 |       |    15 |       ||    23
       Phial of floods   |       |       |       |     1 |       |     1 |     3 |       ||     5
       Box of beasts     |       |       |       |       |       |       |     3 |       ||     3
       Sack of spiders   |       |       |       |       |       |       |     2 |       ||     2
  Use: Scroll            |       |       |     9 |     3 |    12 |     8 |    17 |       ||    49
       Potion            |       |       |     5 |     4 |       |     9 |    17 |     1 ||    36
 Stab: Held in net/web   |     1 |     1 |       |     1 |       |       |       |       ||     3
       Distracted        |       |       |       |       |       |       |     1 |       ||     1
  Eat: Chunk             |     4 |    11 |    11 |    37 |    54 |   135 |   159 |    19 ||   430
       Ration            |       |       |       |       |       |       |     1 |     4 ||     5
Armor: Leather armour    |    30 |    80 |     6 |       |       |       |       |       ||   116
       Scale mail        |       |       |     3 |       |       |       |       |       ||     3
       Plate armour      |       |       |   110 |   316 |   436 |   591 |   681 |    27 ||  2161
Dodge: Dodged            |    73 |   148 |   116 |   413 |   597 |   701 |   888 |    41 ||  2977
Block: Shield            |       |       |       |    32 |  1118 |  1625 |  1582 |    86 ||  4443
       Reflection        |       |       |       |       |     2 |    21 |       |       ||    23

Table legend:
 A = Spawn XP
 B = Non-spawn XP
 C = Spawn XP percentage of total XP
 D = Spawn monster count
 E = Non-spawn monster count
 F = Spawn count percentage of total count
 G = Total turns spent on level
                    A         B        C        D         E        F      G
               +---------+---------+-------+---------+---------+-------+---------
         Total |       0 |  608492 |   0.0 |       0 |    1628 |   0.0 | 44539
               +---------+---------+-------+---------+---------+-------+---------
           D:1 |       0 |      34 |   0.0 |       0 |      21 |   0.0 |   964
           D:2 |       0 |     153 |   0.0 |       0 |      38 |   0.0 |  1188
           D:3 |       0 |     414 |   0.0 |       0 |      29 |   0.0 |   954
           D:4 |       0 |     523 |   0.0 |       0 |      15 |   0.0 |  1007
           D:5 |       0 |     925 |   0.0 |       0 |      26 |   0.0 |  1064
           D:6 |       0 |    1140 |   0.0 |       0 |      18 |   0.0 |  1138
           D:7 |       0 |     602 |   0.0 |       0 |      13 |   0.0 |   943
           D:8 |       0 |    3062 |   0.0 |       0 |      42 |   0.0 |  1288
           D:9 |       0 |    2962 |   0.0 |       0 |      35 |   0.0 |   643
          D:10 |       0 |    5784 |   0.0 |       0 |      27 |   0.0 |  1116
          D:11 |       0 |    7099 |   0.0 |       0 |      43 |   0.0 |  1146
          D:12 |       0 |    6727 |   0.0 |       0 |      40 |   0.0 |  1419
          D:13 |       0 |   14220 |   0.0 |       0 |      49 |   0.0 |  2337
          D:14 |       0 |   11389 |   0.0 |       0 |      38 |   0.0 |  1718
          D:15 |       0 |   15422 |   0.0 |       0 |      40 |   0.0 |  1557
        Lair:1 |       0 |    7861 |   0.0 |       0 |      19 |   0.0 |  1048
        Lair:2 |       0 |    4961 |   0.0 |       0 |      20 |   0.0 |   933
        Lair:3 |       0 |   12162 |   0.0 |       0 |      46 |   0.0 |  1642
        Lair:4 |       0 |    7971 |   0.0 |       0 |      43 |   0.0 |   934
        Lair:5 |       0 |    2722 |   0.0 |       0 |      12 |   0.0 |   658
        Lair:6 |       0 |   20948 |   0.0 |       0 |      56 |   0.0 |  1032
       Swamp:1 |       0 |   23650 |   0.0 |       0 |      53 |   0.0 |  1115
       Swamp:2 |       0 |   21638 |   0.0 |       0 |      41 |   0.0 |   972
       Swamp:3 |       0 |    7952 |   0.0 |       0 |      17 |   0.0 |   763
       Swamp:4 |       0 |   19303 |   0.0 |       0 |      58 |   0.0 |  1584
      Spider:1 |       0 |   20904 |   0.0 |       0 |      59 |   0.0 |   921
      Spider:2 |       0 |   15399 |   0.0 |       0 |      43 |   0.0 |   843
      Spider:3 |       0 |   22194 |   0.0 |       0 |      60 |   0.0 |  1131
      Spider:4 |       0 |   47403 |   0.0 |       0 |     103 |   0.0 |  1523
         Orc:1 |       0 |    6282 |   0.0 |       0 |      41 |   0.0 |   646
         Orc:2 |       0 |    8116 |   0.0 |       0 |      45 |   0.0 |  1040
      Vaults:1 |       0 |   51501 |   0.0 |       0 |      88 |   0.0 |  1669
      Vaults:2 |       0 |   78046 |   0.0 |       0 |     113 |   0.0 |  1696
      Vaults:3 |       0 |   56477 |   0.0 |       0 |      88 |   0.0 |  1818
      Vaults:4 |       0 |   88832 |   0.0 |       0 |     107 |   0.0 |  2053
         IceCv |       0 |    9636 |   0.0 |       0 |      36 |   0.0 |  1814
       Volcano |       0 |    4078 |   0.0 |       0 |       6 |   0.0 |   211
               +---------+---------+-------+---------+---------+-------+---------
